 Dungeon Crawl Stone Soup version 0.27-a0-3-gcf006a40f5 (webtiles) character file.

Game seed: 14786177626136107503

8966 wakim the Fighter (level 11, -8/99 HPs)
             Began as a Minotaur Berserker on Jan 1, 2021.
             Was a High Priest of Trog.
             Mangled by a frost giant
             ... wielding a +2 battleaxe of freezing
              (14 damage)
             ... on level 11 of the Dungeon.
             The game lasted 00:41:10 (11221 turns).

wakim the Fighter (Minotaur Berserker)             Turns: 11221, Time: 00:41:12

Health: -8/99      AC: 17    Str: 31    XL:     11   Next: 16%
Magic:  10/10      EV:  9    Int:  4    God:    Trog [*****.]
Gold:   730        SH: 10    Dex: 12    Spells: 10/10 levels left

rFire    . . .     SeeInvis .   a - +5 flail "Dimm" {venom, Dex+2}
rCold    . . .     Faith    .   d - +0 kite shield
rNeg     . . .     Spirit   .   u - +0 plate armour (curse)
rPois    .         Reflect  .   q - +2 hat
rElec    .         Harm     .   (no cloak)
rCorr    .         Rampage  .   (no gloves)
Will     +....                  k - +0 pair of boots
Stlth    ..........             (no amulet)
HPRegen  0.26/turn              y - ring of willpower
MPRegen  0.12/turn              m - +6 ring of strength

@: about to teleport, berserk cooldown, slowed, very slow
A: retaliatory headbutt, horns 2
a: Renounce Religion, Berserk, Trog's Hand, Brothers in Arms


You were on level 11 of the Dungeon.
You worshipped Trog.
Trog was extremely pleased with you.
You visited 1 branch of the dungeon, and saw 11 of its levels.
You also visited: Sewer.

You collected 730 gold pieces.

Inventory:

Hand Weapons
 a - the +5 flail "Dimm" (weapon) {venom, Dex+2}
   (You found it on level 6 of the Dungeon)

   It poisons the flesh of those it strikes.
   It affects your dexterity (+2).
 b - a +2 mace of protection
 t - a +1 short sword of draining
 v - the +2 dire flail of Contention {vorpal, *Corrode +Blink rPois Str+5}
   (Trog gifted it to you on level 11 of the Dungeon)

   It inflicts extra damage upon your enemies.
   It affects your strength (+5).
   It protects you from poison.
   It lets you blink.
   It may corrode you when you take damage.
Missiles
 o - 60 bolts
 x - a boomerang of dispersal
Armour
 d - a +0 kite shield (worn)
 k - a +0 pair of boots (worn)
 q - a +2 hat (worn)
 u - a cursed +0 plate armour (worn)
 w - a +0 tower shield
 H - a +1 robe of positive energy
Jewellery
 m - a +6 ring of strength (right hand)
 y - a ring of willpower (left hand)
Wands
 n - a wand of flame (24)
 p - a wand of polymorph (7)
 z - a wand of enslavement (6)
 C - a wand of iceblast (6)
 E - a wand of paralysis (8)
 G - a wand of acid (9)
Scrolls
 e - 4 scrolls of identify
 g - a scroll of blinking
 h - a scroll of fog {unknown}
 i - 4 scrolls of teleportation
 j - 4 scrolls of remove curse
 l - a scroll of fear
 s - 2 scrolls of enchant armour
 K - 2 scrolls of magic mapping
Potions
 c - 7 potions of curing
 f - a potion of lignification {unknown}
 r - 8 potions of heal wounds
 A - 2 potions of might


   Skills:
 + Level 9.7 Fighting
 - Level 7.5 Long Blades
 * Level 9.5 Maces & Flails
 + Level 8.8 Armour
 + Level 7.9 Dodging
 + Level 3.4 Shields
 + Level 7.5 Unarmed Combat


You had 10 spell levels left.
You didn't know any spells.
Your spell library was empty.

Dungeon Overview and Level Annotations

Branches:
Dungeon (11/15)            Temple (0/1) D:4            Lair (0/6) D:8
    Orc (0/2) D:10          Sewer (visited)

Altars:
Ashenzari
Elyvilon
Fedhas
Kikubaaqudgha
Makhleb
Nemelex Xobeh
Qazlal
Yredelemnul
Zin
The Shining One


Innate Abilities, Weirdness & Mutations

You reflexively headbutt those who attack you in melee.
You have a pair of horns on your head.


Message History

The ogre closely misses you.
A rime drake comes into view.
The sentinel's mark upon you fades away.
A centaur comes into view.
You block the ogre's attack. The iguana bites you.
* * * LOW HITPOINT WARNING * * *
The ogre hits you with a +0 giant club!!
* * * LOW HITPOINT WARNING * * *
The orc warrior closely misses you.
As you read the scroll of teleportation, it crumbles to dust.
You feel strangely unstable.
A polar bear comes into view.
You block the orc warrior's attack.
An orc comes into view. It is wielding a +0 mace.
The orc wizard mumbles some strange words.
The orc wizard seems to speed up.
Your deep troll goes berserk!
The orc warrior hits you but does no damage.
The frost giant hits you with a +2 battleaxe of freezing!
You die...

#..# #..# #..# #.O#
#..# ######..#
........###############
........YockoOC........
######..ochoclo@.T.....
#..############### #..#
#.ยง# #..# #..# #.o


You could see a frost giant, a polar bear, a rime drake, an orc warrior, an ice
beast, an ogre, 3 centaurs, an iguana, an orc wizard (fast), 3 orcs and a
friendly deep troll (summoned, berserk).

Vanquished Creatures
  2 two-headed ogres
  An ugly thing (D:11)
  A troll (D:9)
  Grinder (D:4)
  Sigmund (D:4)
  A yak (D:8)
  3 wyverns
  Eustachio (D:4)
  A basilisk (D:8)
  A water moccasin (D:11)
  3 orc warriors
  2 black bears
  5 sky beasts
  A phantom (D:7)
  8 centaurs
  3 ogres
  A gnoll sergeant (D:9)
  A big kobold (Sewer)
  6 bullfrogs
  A wyvern zombie (D:6)
  8 scorpions
  5 wights (D:10)
  A howler monkey (D:6)
  3 bullfrog zombies
  2 centaur zombies
  4 hounds
  11 orc priests
  4 jellies
  4 bullfrog skeletons
  2 iguanas
  9 worker ants
  22 orc wizards
  3 killer bee zombies
  A hound skeleton (D:7)
  A worker ant zombie (D:9)
  Robin (D:3)
  20 adders
  7 gnolls
  A howler monkey skeleton (D:7)
  9 river rats (Sewer)
  A shadow imp (D:8)
  7 white imps
  2 oozes
  An adder zombie (D:7)
  An adder skeleton (D:6)
  2 worms
  3 leopard geckos
  40 orcs
  5 ball pythons
  9 giant cockroaches
  7 goblins
  8 hobgoblins
  23 jackals
  6 quokkas
  4 bats
  3 frilled lizards
  21 kobolds
  A leopard gecko skeleton (D:8)
  A quokka skeleton (D:7)
  22 rats
329 creatures vanquished.

Vanquished Creatures (others)
  A quokka (D:5)
  5 fungi (D:5)
  A plant (D:5)
7 creatures vanquished.

Grand Total: 336 creatures vanquished

Notes
Turn   | Place    | Note
-------+----------+-------------------------------------------
     0 | D:1      | wakim the Minotaur Berserker began the quest for the Orb.
     0 | D:1      | Reached XP level 1. HP: 19/19 MP: 0/0
   308 | D:1      | Reached XP level 2. HP: 21/27 MP: 1/1
   725 | D:2      | Reached XP level 3. HP: 21/33 MP: 2/2
   865 | D:2      | Reached ** piety under Trog
   958 | D:2      | Reached skill level 1 in Unarmed Combat
   962 | D:2      | Found a burning altar of Makhleb.
  1102 | D:2      | Found an ancient bone altar of Kikubaaqudgha.
  1233 | D:2      | Found a stormy altar of Qazlal.
  1274 | D:2      | Found a sparkling altar of Nemelex Xobeh.
  1585 | D:3      | Reached XP level 4. HP: 28/41 MP: 3/3
  1672 | D:3      | Found a glowing drain.
  1686 | D:3      | Reached XP level 5. HP: 47/47 MP: 4/4
  1687 | D:3      | Reached skill level 5 in Fighting
  1702 | Sewer    | Entered a sewer
  2071 | Sewer    | Reached XP level 6. HP: 26/52 MP: 5/5
  2283 | Sewer    | Reached *** piety under Trog
  2438 | Sewer    | Reached skill level 5 in Long Blades
  2885 | D:3      | Found a stormy altar of Qazlal.
  3164 | D:3      | Noticed Robin
  3169 | D:3      | Reached **** piety under Trog
  3183 | D:3      | Killed Robin
  3451 | D:4      | Noticed Eustachio
  3461 | D:4      | Killed Eustachio
  3462 | D:4      | Reached XP level 7. HP: 63/63 MP: 6/6
  3742 | D:4      | Found a staircase to the Ecumenical Temple.
  3918 | D:4      | Found a glowing silver altar of Zin.
  4406 | D:4      | Noticed Sigmund
  4426 | D:4      | Killed Sigmund
  4427 | D:4      | Reached skill level 5 in Armour
  4427 | D:4      | Reached XP level 8. HP: 71/71 MP: 7/7
  4473 | D:4      | Noticed Grinder
  4475 | D:4      | Paralysed by Grinder for 4 turns
  4480 | D:4      | Killed Grinder
  4731 | D:5      | Entered Level 5 of the Dungeon
  4923 | D:5      | Reached skill level 5 in Dodging
  5189 | D:6      | Got a dazzling flail
  5190 | D:6      | Identified the +5 flail "Dimm" {venom, Dex+2} (You found it
                  | on level 6 of the Dungeon)
  5220 | D:6      | Reached skill level 1 in Maces & Flails
  5588 | D:6      | Found a broken altar of Ashenzari.
  5747 | D:5      | Found a blossoming altar of Fedhas.
  5854 | D:5      | Reached ***** piety under Trog
  5872 | D:5      | Reached XP level 9. HP: 50/79 MP: 8/8
  6205 | D:5      | Found a white marble altar of Elyvilon.
  6398 | D:6      | Found a basalt altar of Yredelemnul.
  6434 | D:6      | Reached skill level 5 in Unarmed Combat
  7131 | D:7      | Reached skill level 5 in Maces & Flails
  7837 | D:8      | Found a staircase to the Lair.
  8114 | D:8      | Received a gift from Trog
  8276 | D:8      | Found a glowing golden altar of the Shining One.
  8277 | D:8      | Noticed a two-headed ogre
  8290 | D:8      | Killed a two-headed ogre
  8291 | D:8      | Reached XP level 10. HP: 76/90 MP: 9/9
  9987 | D:9      | Found a sparkling altar of Nemelex Xobeh.
 10098 | D:10     | Entered Level 10 of the Dungeon
 10124 | D:10     | Reached skill level 1 in Shields
 10317 | D:10     | Found a staircase to the Orcish Mines.
 10699 | D:10     | Noticed a two-headed ogre
 10715 | D:10     | Killed a two-headed ogre
 10864 | D:10     | Reached XP level 11. HP: 96/97 MP: 10/10
 11050 | D:11     | Received a gift from Trog
 11061 | D:11     | Got an ichor-stained dire flail {god gift}
 11068 | D:11     | Identified the +2 dire flail of Contention {vorpal,
                  | *Corrode +Blink rPois Str+5} (Trog gifted it to you on
                  | level 11 of the Dungeon)
 11179 | D:11     | Noticed a purple ugly thing
 11200 | D:11     | Killed a purple ugly thing
 11213 | D:11     | Noticed a frost giant
 11221 | D:11     | Mangled by a frost giant

Illustrated notes

Levels and vault maps discovered:
D:1:      grunt_arrival_lava_bath, layout_rooms
D:2:      layout_basic, old_standard_altar, lemuel_doored_altar,
          nemelex_xobeh_ov_fountains_minmay, lemuel_coloured_pillars_altar
D:3:      layout_loops_ring, gup_sewer_entry_glass,
          nicolae_qazlal_general_emergency, uniq_robin
D:4:      layout_loops_corners, lemuel_round_altar, minmay_temple_entry_arrows,
          uniq_eustachio, uniq_grinder, uniq_sigmund
D:5:      layout_loops_ring, elyvilon_altar_4, kennysheep_doodads,
          fedhas_altar_3
D:6:      layout_basic, kennysheep_mini_moat, kennysheep_little_box
D:7:      layout_loops_ring
D:8:      layout_loops_cross, tso_altar, david_lair_generic
D:9:      layout_loops_ring, abandoned_shop, nemelex_dance_club_becter
D:10:     layout_roguey, erik_orc_4
D:11:     minmay_coctagon, layout_long_grid, lemuel_centaur_altar

Skill      XL: |  1  2  3  4  5  6  7  8  9 10 |
---------------+-------------------------------+-----
Fighting       | 4 5 6 7 8 9 |  9.7
Long Blades    | 4 5 6 7 |  7.5
Armour         | 3 4 5 6 7 8 |  8.8
Unarmed Combat | 1 2 3 4 6 7 |  7.5
Dodging        | 3 4 5 6 7 |  7.9
Maces & Flails | 3 7 9 |  9.5
Shields        | 3 |  3.4

Action                   |  1- 3 |  4- 6 |  7- 9 | 10-12 || total
-------------------------+-------+-------+-------+-------++-------
Melee: Falchion          |    58 |   162 |   151 |       ||   371
       Headbutt          |    14 |    36 |    73 |    53 ||   176
       Flail             |       |       |   206 |   213 ||   419
Invok: Berserk           |       |     3 |     4 |     1 ||     8
       Brothers in Arms  |       |       |       |     1 ||     1
  Use: Scroll            |       |       |       |    14 ||    14
       Potion            |       |       |       |     6 ||     6
Armor: Animal skin       |     6 |       |       |       ||     6
       Robe              |     6 |       |       |       ||     6
       Leather armour    |     1 |     8 |       |       ||     9
       Ring mail         |       |    40 |    39 |       ||    79
       Scale mail        |       |       |    49 |       ||    49
       Chain mail        |       |       |    35 |    50 ||    85
       Plate armour      |       |       |       |    33 ||    33
Dodge: Dodged            |    37 |    93 |    77 |    47 ||   254
Block: Tower shield      |       |    20 |   189 |    27 ||   236
       Kite shield       |       |       |       |    74 ||    74
       Rpst.: Falchion   |     7 |    25 |     8 |       ||    40

Table legend: (Time is in decaauts)
 A = Elapsed time spent in this place.
 B = Non-inter-level travel time spent in this place.
 C = Inter-level travel time spent in this place.
 D = Time resting spent in this place.
 E = Time spent auto-exploring this place.
 F = Levels seen in this place.
 G = Mean time per level.
                   A        B        C        D        E       F      G
               +--------+--------+--------+--------+--------+-----+--------+
         Total |  11449 |  11060 |    389 |   1592 |   6578 |  12 |  954.1 |
       Dungeon |  10422 |  10033 |    389 |   1214 |   6275 |  11 |  947.5 |
         Sewer |   1026 |   1026 |      0 |    378 |    303 |   1 | 1026.0 |
               +--------+--------+--------+--------+--------+-----+--------+

Top non-repeatable levels by time:
     D:4: 1461 daAuts
     D:9: 1299 daAuts
     D:6: 1272 daAuts
     D:8: 1111 daAuts
   Sewer: 1026 daAuts
     D:5: 1009 daAuts
    D:10: 913 daAuts
     D:2: 904 daAuts
     D:3: 808 daAuts
     D:7: 758 daAuts
     D:1: 670 daAuts
    D:11: 213 daAuts
